 Dungeon Crawl Stone Soup version 0.31-a0-149-g3fdcc5976a (webtiles) character file.

Game seed: 11077684141523814702

202 qw the Shooter (level 5, -1/46 HPs)
             Began as a Minotaur Hunter on June 7, 2023.
             Slain by Pikel
             ... wielding a +1 whip of flaming
              (2 damage)
             ... on level 4 of the Dungeon.
             The game lasted 00:00:53 (2977 turns).

qw the Shooter (Minotaur Hunter)                    Turns: 2977, Time: 00:00:54

Health: -1/46      AC:  5    Str: 16    XL:     5   Next: 50%
Magic:  4/4        EV: 11    Int:  6    God:
Gold:   53         SH:  0    Dex: 15    Spells: 4/4 levels left

rFire   . . .        Y - +0 shortbow
rCold   . . .        (shield currently unavailable)
rNeg    . . .        j - +0 ring mail
rPois   .            (helmet restricted)
rElec   .            (no cloak)
rCorr   .            (no gloves)
SInv    .            (no boots)
Will    .....        (no amulet)
Stlth   +            (no ring)
HPRegen 0.27/turn    (no ring)
MPRegen 0.09/turn

%: no passive effects
@: about to teleport
A: horns 2, retaliatory headbutt
a: no special abilities


You were on level 4 of the Dungeon.
You visited 1 branch of the dungeon, and saw 4 of its levels.

You collected 92 gold pieces.
You spent 39 gold pieces at shops.


Innate Abilities, Weirdness & Mutations

You have a pair of horns on your head.
You reflexively headbutt those who attack you in melee.


   Skills:
 - Level 4.2 Fighting
 + Level 6.3 Ranged Weapons
 - Level 2.4 Armour
 - Level 2.1 Dodging
 - Level 0.7 Stealth


You had 4 spell levels left.
You didn't know any spells.
Your spell library was empty.

Inventory:

Hand Weapons
 Y - a +0 shortbow (weapon)
Armour
 j - a +0 ring mail (worn)
Scrolls
 i - a scroll of identify
Potions
 f - 3 potions of curing
 g - a potion of magic {unknown}
 h - a potion of ambrosia {unknown}
 k - a potion of attraction {unknown}

Dungeon Overview and Level Annotations

Branches:
Dungeon (4/15)
 Temple: D:4-7

Altars:
Sif Muna
Wu Jian
Zin

Shops:
D:2 !

Annotations:
D:4 Pikel


Message History

The arrow hits the lemure.
The lemure is lightly wounded.
You shoot an arrow. The arrow misses the lemure.
The arrow hits Pikel.
Pikel is lightly wounded.
You shoot an arrow. The arrow closely misses the lemure.
The arrow hits Pikel but does no damage.
Pikel is lightly wounded.
The lemure barely misses you.
You shoot an arrow. The arrow hits the lemure.
The lemure is lightly wounded.
You shoot an arrow.
The arrow hits Pikel but does no damage.
Pikel is lightly wounded.
You shoot an arrow. The arrow hits Pikel!
Pikel is moderately wounded.
Pikel closely misses you.
Pikel hits you with a +1 whip of flaming!
Pikel burns you.
You shoot an arrow. The arrow hits Pikel.
Pikel is heavily wounded.
Pikel hits you with a +1 whip of flaming.
Pikel burns you.
You shoot an arrow. The arrow closely misses Pikel.
The arrow closely misses the lemure.
The arrow hits the lemure.
The lemure is lightly wounded.
Pikel hits you with a +1 whip of flaming!
Pikel burns you.
You shoot an arrow. The arrow hits Pikel.
Pikel is heavily wounded.
Pikel hits you with a +1 whip of flaming.
Pikel burns you.
2976 ||| READING scroll of teleportation.
As you read the scroll of teleportation, it crumbles to dust.
You feel strangely unstable. Pikel hits you but does no damage.
You shoot an arrow. The arrow hits Pikel.
Pikel is heavily wounded.
Pikel hits you with a +1 whip of flaming.
Pikel burns you.
You die...

. .[ ...
.... .....
.....5####
....55K@.#
.....5##.#
..... #.#
#### #.#
#.# #.#
#.# #.#
#<#


You could see Pikel and 4 lemures.

Vanquished Creatures
  A hound (D:3)
  An iguana (D:3)
  Natasha (thrice) (D:3)
  An adder (D:2)
  2 dart slugs (D:1)
  5 orcs (D:3)
  4 bats
  2 endoplasms
  7 giant cockroaches
  6 goblins
  9 hobgoblins
  A quokka (D:1)
  2 ball pythons
  3 frilled lizards
  3 kobolds (D:1)
  4 rats
54 creatures vanquished.

Notes
Turn   | Place    | Note
-------+----------+-------------------------------------------
     0 | D:1      | qw the Minotaur Hunter began the quest for the Orb.
     0 | D:1      | Reached XP level 1. HP: 18/18 MP: 0/0
     0 | D:1      | 0 ||| qw: Version: 0.2-a-117-gc6b5c8b
     0 | D:1      | 0 ||| qw: Game counter: 2587
     0 | D:1      | 0 ||| qw: Always use a shield: true
     0 | D:1      | 0 ||| qw: God list: Okawaru
     0 | D:1      | 0 ||| qw: Allow faded altars: false
     0 | D:1      | 0 ||| qw: Do Orc after D:15 true
     0 | D:1      | 0 ||| qw: Do second Lair branch before Depths: true
     0 | D:1      | 0 ||| qw: Lair rune preference: random
     0 | D:1      | 0 ||| qw: Plans: Normal
     0 | D:1      | 0 ||| PLANNING D:1-11
   311 | D:1      | Reached XP level 2. HP: 22/25 MP: 1/1
   377 | D:1      | Reached skill level 5 in Ranged Weapons
   453 | D:1      | Reached skill level 3 in Fighting
   970 | D:1      | 970 ||| READING scroll labelled FOEH ZEBEXIY.
   971 | D:1      | 971 ||| READING scroll labelled YGIVEPHIEW.
   976 | D:1      | 976 ||| DROPPING scroll of butterflies.
  1007 | D:2      | Reached XP level 3. HP: 31/31 MP: 2/2
  1235 | D:2      | Found Enahopteucla's Distillery.
  1242 | D:2      | 1242 ||| BUYING potion of curing (39 gold).
  1242 | D:2      | Bought a potion of curing for 39 gold pieces
  1242 | D:2      | 1242 ||| SHOPLISTING potion of curing (39 gold, have 6).
  1242 | D:2      | 1242 ||| SHOPLISTING potion of heal wounds (65 gold, have
                  | 6).
  1554 | D:2      | Found a faded altar of an unknown god.
  1739 | D:2      | 1739 ||| UPGRADING to +0 ring mail.
  1749 | D:2      | 1749 ||| DROPPING +0 leather armour.
  1750 | D:2      | 1750 ||| READING scroll labelled LOLIG BIME.
  1751 | D:2      | 1751 ||| READING scroll labelled HEH GAGOZXIG.
  1752 | D:2      | 1752 ||| READING scroll labelled JIRRAB DOUG.
  1968 | D:3      | Reached XP level 4. HP: 36/38 MP: 3/3
  2068 | D:3      | Noticed Natasha
  2070 | D:3      | Killed Natasha
  2176 | D:3      | Noticed Natasha
  2188 | D:3      | Killed Natasha
  2189 | D:3      | Reached skill level 6 in Ranged Weapons
  2256 | D:3      | Reached XP level 5. HP: 15/45 MP: 4/4
  2434 | D:3      | Noticed Natasha
  2443 | D:3      | Killed Natasha
  2729 | D:3      | Found a glowing silver altar of Zin.
  2732 | D:3      | Found an ornate altar of the Wu Jian Council.
  2735 | D:3      | Found a shimmering blue altar of Sif Muna.
  2804 | D:3      | 2804 ||| READING scroll labelled QEUL DEASE.
  2905 | D:3      | 2905 ||| DRINKING 3 blue potions.
  2944 | D:3      | 2944 ||| READING 3 scrolls of identify.
  2944 | D:3      | 2944 ||| IDENTIFYING brown potion
  2945 | D:3      | 2945 ||| READING 2 scrolls of identify.
  2945 | D:3      | 2945 ||| IDENTIFYING pink potion
  2946 | D:3      | 2946 ||| DROPPING potion of enlightenment.
  2947 | D:3      | 2947 ||| DROPPING 2 potions of lignification.
  2948 | D:3      | 2948 ||| DROPPING potion of degeneration.
  2966 | D:4      | Noticed Pikel
  2966 | D:4      | Noticed a lemure
  2966 | D:4      | Noticed a lemure
  2966 | D:4      | Noticed a lemure
  2966 | D:4      | Noticed a lemure
  2975 | D:4      | HP: 7/46 [Pikel/+1 whip of flaming (6)]
  2976 | D:4      | 2976 ||| READING scroll of teleportation.
  2977 | D:4      | HP: 1/46 [Pikel/+1 whip of flaming (5)]
  2977 | D:4      | Slain by Pikel

Levels and vault maps discovered:
D:1:      kilobyte_arrival_exit_the_forest, layout_loops_corners
D:2:      layout_basic, serial_shops, shop,
          hellmonk_ecumenical_altar_slurped_away
D:3:      layout_basic, grunt_temple_overflow_diamond, serial_glass,
          glass_columns_a, glass_columns_c, glass_columns_a, glass_columns_a,
          glass_columns_a, glass_columns_c, glass_columns_a, glass_columns_c,
          glass_columns_a, glass_columns_a, hangedman_decor_diamond_cutter,
          uniq_natasha
D:4:      layout_basic, uniq_pikel

Skill      XL: |  1  2  3  4  5 |
---------------+----------------+-----
Ranged Weapons | 5 6 |  6.3
Fighting       | 3 4 |  4.2
Armour         | 2 |  2.4
Dodging        | |  2.1
Stealth        | |  0.7

Action                     |  1- 3 |  4- 6 || total
---------------------------+-------+-------++-------
   Fire: Shortbow          |   102 |    92 ||   194
    Use: Scroll            |     5 |     4 ||     9
         Potion            |       |     1 ||     1
 Armour: Ring mail         |     2 |    20 ||    22
         Leather armour    |     2 |       ||     2
  Dodge: Dodged            |    12 |    19 ||    31

Table legend:
 A = Non-vault XP
 B = Vault XP
 C = Vault XP percentage of total XP
 D = Non-vault monster count
 E = Vault monster count
 F = Vault count percentage of total count
                 A         B        C        D         E       F
            +---------+---------+-------+---------+---------+-------
      Total |     251 |      38 |  13.1 |      52 |       2 |   3.7
            +---------+---------+-------+---------+---------+-------
        D:1 |      38 |       0 |   0.0 |      21 |       0 |   0.0
        D:2 |      24 |       2 |   7.7 |       7 |       1 |  12.5
        D:3 |     189 |      36 |  16.0 |      24 |       1 |   4.0
            +---------+---------+-------+---------+---------+-------
